 Dungeon Crawl Stone Soup version 0.29-a0-322-g68df515428 (webtiles) character file.

Game seed: 5365685243808719998

44 sanka the Ducker (level 3, -3/35 HPs)
             Began as a Gnoll Monk on Apr 6, 2022.
             Slain by Terence
             ... wielding a +0 mace
              (6 damage)
             ... on level 2 of the Dungeon.
             The game lasted 00:01:28 (1815 turns).

sanka the Ducker (Gnoll Monk)                       Turns: 1815, Time: 00:01:29

Health: -3/35      AC:  2    Str: 12    XL:     3   Next: 62%
Magic:  4/4        EV: 19    Int:  9    God:
Gold:   58         SH:  0    Dex: 14    Spells: 3/3 levels left

rFire   . . .      SeeInvis .   a - +0 hand axe
rCold   . . .      Faith    .   (no shield)
rNeg    . . .      Spirit   .   b - +0 robe
rPois   .          Reflect  .   (no helmet)
rElec   .          Harm     .   (no cloak)
rCorr   .          Rampage  .   (no gloves)
Will    .....                   (no boots)
Stlth   +++.......              (no amulet)
HPRegen 0.11/turn               (no ring)
MPRegen 0.09/turn               o - +4 ring of evasion

@: no status effects
A: fangs 1, strong nose, distributed training
a: no special abilities


You were on level 2 of the Dungeon.
You visited 1 branch of the dungeon, and saw 2 of its levels.

You collected 58 gold pieces.


Innate Abilities, Weirdness & Mutations

You have very sharp teeth.
Your uncanny sense of smell can sniff out nearby items.
Your experience applies equally to all skills.


   Skills:
 + Level 6.5 Fighting
 + Level 0.9 Short Blades
 + Level 0.9 Long Blades
 + Level 6.5 Axes
 + Level 0.9 Maces & Flails
 + Level 0.9 Polearms
 + Level 0.9 Staves
 + Level 0.9 Slings
 + Level 0.9 Bows
 + Level 0.9 Crossbows
 + Level 0.9 Throwing
 + Level 0.9 Armour
 + Level 6.5 Dodging
 + Level 4.2 Stealth
 + Level 0.9 Shields
 + Level 0.9 Unarmed Combat
 + Level 0.9 Spellcasting
 + Level 0.6 Conjurations
 + Level 0.6 Hexes
 + Level 0.6 Summonings
 + Level 0.6 Necromancy
 + Level 0.6 Translocations
 + Level 0.6 Transmutations
 + Level 0.6 Fire Magic
 + Level 0.6 Ice Magic
 + Level 0.6 Air Magic
 + Level 0.6 Earth Magic
 + Level 0.6 Poison Magic
 + Level 1.0 Invocations
 + Level 0.9 Evocations


You had 3 spell levels left.
You didn't know any spells.
Your spell library contained the following spells:

 Spells                   Type           Power      Damage    Failure   Level
 Summon Forest            Summ/Tloc      0%         N/A       100%        5
 Summon Mana Viper        Hex/Summ       1%         N/A       100%        5
 Summon Cactus Giant      Summ           0%         N/A       100%        6

Inventory:

Hand Weapons
 a - a +0 hand axe (weapon)
Armour
 b - a +0 robe (worn)
 l - a +0 pair of boots
Jewellery
 o - a +4 ring of evasion (right hand)
Scrolls
 g - 3 scrolls of teleportation {unknown}
 i - 3 scrolls of identify {unknown}
 j - a scroll of torment {unknown}
 k - a scroll of amnesia {unknown}
Potions
 c - a potion of ambrosia
 d - 2 potions of brilliance {unknown}
 e - a potion of curing {unknown}
 f - a potion of lignification {unknown}
 h - a potion of cancellation {unknown}
 m - 2 potions of might {unknown}
 n - 2 potions of heal wounds {unknown}

Dungeon Overview and Level Annotations

Branches:
Dungeon (2/15)

Altars:

Annotations:
D:2 Terence

......▒..........▒..........
.................▒..........
.................▒▒.........
.......▒▒▒▒▒'▒▒▒▒▒▒....▒▒▒▒▒
.......▒▒▒▒▒.....▒▒..▒▒▒
.......▒.........▒▒▒.▒▒▒▒▒▒▒
.......▒.........▒ ▒>.......
.......▒.........▒▒▒........
.......▒.....†.@g...........
.......▒........▒▒..........
............................
.....................)......
...▒▒▒▒..............▒▒▒▒▒▒▒
...▒▒▒▒....▒▒........▒
.......▒▒▒▒▒▒........▒
.▒▒▒.▒.▒ ▒........▒ .
...▒.▒▒ ▒........▒


You could see Terence.


Message History

You hit Terence but do no damage.
Terence is moderately wounded.
Terence misses you.
You hit Terence. You bite Terence, but do no damage.
Terence is heavily wounded.
Terence barely misses you.
You hit Terence but do no damage.
Terence is heavily wounded.
Terence hits you with a +0 mace.
* * * LOW HITPOINT WARNING * * *
You hit Terence but do no damage.
Terence is heavily wounded.
Terence misses you.
You hit Terence but do no damage. You bite Terence, but do no damage.
Terence is heavily wounded.
Terence completely misses you. Terence attacks as you move away!
Terence completely misses you. Terence attacks as you move away!
Terence barely misses you. Terence attacks as you move away!
Terence closely misses you. Terence screams, "I want your blood!"
Terence attacks as you move away! Terence completely misses you.
Terence attacks as you move away! Terence hits you with a +0 mace.
You die...

Action                   || total
-------------------------++-------
Melee: Hand axe          ||    92
       Bite              ||    12
 Stab: Sleeping          ||     8
Armor: Robe              ||     4
Dodge: Dodged            ||    63

Levels and vault maps discovered:
D:1:      lightli_arrival_farm, layout_basic, chequers_mini_garden,
          kennysheep_minor_cross
D:2:      layout_basic, minmay_misc_feat_roman, uniq_terence

Notes
Turn   | Place    | Note
-------+----------+-------------------------------------------
     0 | D:1      | sanka the Gnoll Monk began the quest for the Orb.
     0 | D:1      | Reached XP level 1. HP: 23/23 MP: 1/1
    75 | D:1      | Reached XP level 2. HP: 28/29 MP: 2/2
   926 | D:1      | Reached XP level 3. HP: 29/35 MP: 3/3
  1650 | D:2      | Reached skill level 1 in Invocations
  1776 | D:2      | Noticed Terence
  1796 | D:2      | HP: 1/35 [Terence/+0 mace (5)]
  1815 | D:2      | Slain by Terence

Vanquished Creatures
  An adder (D:2)
  2 endoplasms (D:1)
  2 giant cockroaches (D:1)
  6 goblins
  A hobgoblin (D:1)
  2 jackals (D:1)
  A quokka (D:1)
  5 ball pythons (D:1)
  A bat (D:1)
  2 frilled lizards
  5 kobolds
  3 rats (D:1)
31 creatures vanquished.
